 Dungeon Sprint DCSS version bcrawl-1.39.1 (console) character file.

Game seed: 10844414878668434454

78644 Lexodia the Sneak (level 2, -7/13 HPs)
             Began as a Felid Enchanter on Aug 2, 2023.
             Mangled by a human
             ... wielding a +0 trident
              (14 damage)
             ... in the Dungeon (Sprint III: "The Ten Rune Challenge").
             The game lasted 00:01:07 (46 turns).

Lexodia the Sneak (Felid Enchanter)                   Turns: 46, Time: 00:01:07

Health: -7/13      AC:  1    Str:  4    XL:     2   Next: 54%
Magic:  1/6        EV: 18    Int: 16    God:
Gold:   11         SH:  0    Dex: 16    Spells: 3/6 levels left
                                        Lives:  0   Deaths: 0

rFire    + . .     GDR:     28%   - Teeth and claws (7.2)
rCold    x . .     SeeInvis +   (shield unavailable)
rNeg     . . .     Gourm    .   (armour unavailable)
rPois    .         Faith    .   (helmet unavailable)
rElec    .         Spirit   .   (cloak restricted)
rCorr    .         Reflect  .   (gloves unavailable)
MR       .....     NoTele   +   (boots unavailable)
Stlth    ++++......             (no amulet)
HPRegen  0.12/turn              a - ring of fire (curse)
MPRegen  0.10/turn              (no ring)

@: quick
A: very small, no armour, no weapons or thrown items, stealth, claws 1, fangs 3,
see invisible, carnivore, speed 1, shaggy fur 1, slow metabolism 1, sharp paws
a: no special abilities


You were in the Dungeon.
You were not hungry.

You visited 1 branch You collected 11 gold pieces.

Inventory:

Jewellery
 a - a cursed ring of fire (left paw)
Scrolls
 b - a scroll of fog
 j - a scroll of blinking
Potions
 c - a potion of invisibility
 d - a potion of curing
 f - a potion of heal wounds
 g - a potion of haste
 h - 2 potions of magic
 i - a potion of berserk rage
Comestibles
 e - a ration {!d}


   Skills:
 - Level 2.6 Dodging
 + Level 6.2 Stealth
 + Level 3.7 Unarmed Combat
 + Level 2.8 Spellcasting
 + Level 4.8 Hexes
 + Level 0.9 Ice Magic


You had 3 spell levels left.
You knew the following spells:

 Your Spells              Type           Power        Failure   Level  Hunger
a - Slow                  Hex            ###.....     2%          1    None
b - Ensorcelled Hibernat  Hex/Ice        ##....       9%          2    ##.....

Your spell library contained the following spells:

 Spells                   Type           Power        Failure   Level  Hunger
 Confuse                  Hex            ###.....     8%          3    ####...
 Tukima's Dance           Hex            ###.....     8%          3    ####...
 Dazzling Orbs            Conj/Hex       ##.....      22%         3    ####...
 Cause Fear               Hex            ###.......   26%         4    #####..


Dungeon Overview and Level Annotations

Branches:
Dungeon (1/1)

Altars:


Innate Abilities, Weirdness & Mutations

You cannot wear almost all types of armour.
You are incapable of wielding weapons or throwing items.
Your paws allow you to move quietly. (Stealth)
You have sharp claws.
You have razor-sharp teeth.
You have supernaturally acute eyesight. (SInv)
You are carnivorous and can eat meat at any time.
You cover ground quickly.
You are covered in fur. (AC +1)
You have a slow metabolism.
Your sharp claws are effective at attacking unaware monsters.


Message History

Casting: Slow (safe; 2% risk of failure)
Confirm with . or Enter, or press ? or * to list all spells.
Aiming: Slow (safe; 2% risk of failure)
Press: ? - help, Shift-Dir - straight line, f/p - human
Aim: a human, wielding a +0 trident (slow, chance to defeat MR: 56%)
The human resists with significant effort.
The human hits you with a +0 trident.
Casting: Slow (safe; 2% risk of failure)
Confirm with . or Enter, or press ? or * to list all spells.
Aiming: Slow (safe; 2% risk of failure)
Press: ? - help, Shift-Dir - straight line, f/p - human
Aim: a human, wielding a +0 trident (slow, chance to defeat MR: 56%)
Okay, then.
Casting: Slow (safe; 2% risk of failure)
Confirm with . or Enter, or press ? or * to list all spells.
You don't have enough magic to cast that spell.
You barely miss the human. You barely miss the human.
The human hits you with a +0 trident!
Ouch! That really hurt!
You die...

▓#'####
▓.....#....≈.♣ ♣♣.
▓.....#...≈≈.♣♣...
▓.....#..≈≈≈≈♣... +
▓####'#..≈≈≈≈≈≈♣♣.#
▓.....#.≈≈≈≈≈≈....#
▓...†.#.≈≈≈≈≈.....#
▓.....#.≈≈≈.......#
▓'#####.....@p....#
▓.................#
▓▓▓▓▓▓▓▓▓▓▓▓▓▓▓▓▓▓▓


You could see a human.

Vanquished Creatures
  2 oozes (D)
  2 rats (D)
4 creatures vanquished.

Notes
Turn   | Place    | Note
-------+----------+-------------------------------------------
     0 | D        | Lexodia the Felid Enchanter began the quest for the Orb.
     0 | D        | Reached XP level 1. HP: 9/9 MP: 4/4
     2 | D        | Reached skill level 5 in Stealth
    13 | D        | Reached XP level 2. HP: 13/13 MP: 6/6
    25 | D        | Learned a level 2 spell: Ensorcelled Hibernation
    36 | D        | Reached skill level 6 in Stealth
    46 | D        | Mangled by a human

Skill      XL: |  1  2 |
---------------+-------+-----
Stealth        | 5 6 |  6.2
Unarmed Combat | 3 |  3.7
Dodging        | |  2.6
Spellcasting   | |  2.8
Hexes          | |  4.8
Ice Magic      | |  0.9

Action                   || total
-------------------------++-------
Melee: Unarmed           ||     6
       Bite              ||     1
 Cast: Slow              ||     5
 Stab: Sleeping          ||     3
Dodge: Dodged            ||     2
